 Dungeon Crawl Stone Soup version 0.30-a0-936-ge0d47acfc0 (webtiles) character file.

Game seed: 12165707073594899378

1053 112233 the Conjurer (level 8, -2/52 HPs)
             Began as an Octopode Conjurer on Mar 24, 2023.
             Was an Initiate of Sif Muna.
             Shot with an arrow by a centaur (8 damage)
             ... on level 6 of the Dungeon.
             The game lasted 00:05:24 (6989 turns).

112233 the Conjurer (Octopode Conjurer)             Turns: 6989, Time: 00:05:25

Health: -2/52      AC:  1    Str:  6    XL:     8   Next: 26%
Magic:  12/14      EV: 14    Int: 23    God:    Sif Muna [......]
Gold:   279        SH:  0    Dex: 10    Spells: 7/15 levels left

rFire   . . .      SeeInvis .    a - +1 dagger (venom)
rCold   . . .      Faith    .    (no shield)
rNeg    . . .      Spirit   .    (helmet restricted)
rPois   .          Reflect  .    (no amulet)
rElec   .          Rampage  .    r - ring of resist corrosion
rCorr   +                        (no ring)
Will    .....                    (no ring)
Stlth   ++++                     (no ring)
HPRegen 0.28/turn                (no ring)
MPRegen 0.14/turn                (no ring)
                                 (no ring)
                                 (no ring)

@: brilliant, invisible
A: almost no armour, amphibious, 8 rings, camouflage 1, gelatinous body 1,
(nimble swimmer 1), tentacles
a: Renounce Religion


You were on level 6 of the Dungeon.
You worshipped Sif Muna.
Sif Muna was noncommittal.
You visited 2 branches of the dungeon, and saw 7 of its levels.

You collected 279 gold pieces.

Inventory:

Hand Weapons
 a - a +1 dagger of venom (weapon)
 x - the +7 sling of Demonkind {antimagic, Str+2}
   (You found it on level 4 of the Dungeon)

   Str:       It affects your strength (+2).
Missiles
 d - a throwing net
Armour
 i - a +0 buckler
Jewellery
 r - a ring of resist corrosion (left tentacle)
Wands
 g - a wand of flame (32)
 y - a wand of roots (7)
Scrolls
 c - a scroll of blinking {unknown}
 e - 3 scrolls of torment {unknown}
 j - a scroll of enchant weapon {unknown}
 k - 2 scrolls of magic mapping {unknown}
 m - 4 scrolls of noise {unknown}
 n - a scroll of poison {unknown}
 o - 4 scrolls of identify {unknown}
 p - 2 scrolls of immolation {unknown}
 u - 2 scrolls of teleportation {unknown}
 v - a scroll of fear {unknown}
 w - a scroll of silence {unknown}
 A - a scroll of vulnerability {unknown}
 B - a scroll of amnesia {unknown}
 C - a scroll of enchant armour {unknown}
Potions
 b - 2 potions of cancellation
 f - a potion of haste {unknown}
 l - a potion of ambrosia {unknown}
 s - a potion of mutation {unknown}
 t - 2 potions of brilliance
 z - a potion of berserk rage {unknown}


   Skills:
 + Level 3.0 Fighting
 + Level 4.7 Dodging
 - Level 4.7 Stealth
 + Level 3.0 Shields
 + Level 4.4 Spellcasting
 + Level 5.9 Conjurations


You had 7 spell levels left.
You knew the following spells:

 Your Spells              Type           Power      Damage    Failure   Level
a - Magic Dart            Conj           100%       1d8       1%          1
b - Searing Ray           Conj           96%        2d7       1%          2
c - Apportation           Tloc           14%        N/A       10%         1
d - Iskenderun's Mystic   Conj/Tloc      28%        2d7       28%         4

Your spell library contained the following spells:

 Spells                   Type           Power      Damage    Failure   Level
 Dazzling Flash           Conj/Hex       56%        N/A       9%          3
 Necrotise                Necr           28%        1d5       10%         1
 Summon Small Mammal      Summ           28%        N/A       10%         1
 Fulminant Prism          Conj/Hex       14%        3d9       28%         4
 Ignite Poison            Fire/Tmut/Pois 7%         N/A       30%         3
 Kindle Blastsparks       Fire/Tloc/Air  14%        2d11      30%         3
 Vhi's Electric Charge    Tloc/Air       14%        N/A       30%         3
 Arcjolt                  Conj/Air       14%        1d24      63%         5
 Summon Ice Beast         Ice/Summ       7%         N/A       69%         4
 Freezing Cloud           Conj/Ice/Air   10%        6-21      77%         5
 Summon Mana Viper        Hex/Summ       7%         N/A       95%         5
 Monstrous Menagerie      Summ           3%         N/A       100%        7
 Maxwell's Capacitive Co  Air            3%         ∞         100%        8


Dungeon Overview and Level Annotations

Branches:
Dungeon (6/15)             Temple (1/1) D:5

Altars:
Cheibriados
Fedhas
Gozag
Hepliaklqana
Makhleb
Okawaru
Ru
Sif Muna
Wu Jian
Yredelemnul
The Shining One
Lugonu

Annotations:
D:4 exclusion: downstairs


Innate Abilities, Weirdness & Mutations

You cannot wear most types of armour.
You are amphibious.
You can wear up to eight rings at the same time.
Your skin changes colour to match your surroundings (Stealth+).
Your rubbery body absorbs attacks. (AC +1, EV +1)
((You are camouflaged when in or above water. (Stealth+)))
You have tentacles for arms and can constrict up to eight enemies at once.


Message History

The magic dart hits the centaur.
The centaur is moderately wounded.
The centaur shouts!
The centaur wields a +0 shortbow.
The centaur shoots an arrow.
The arrow hits you!
A centaur is nearby!
Casting: Magic Dart (safe; 1% risk of failure)
Confirm with . or Enter, or press ? or * to list all spells.
Aiming: Magic Dart (safe; 1% risk of failure)
Press: ? - help, Shift-Dir - straight line, f/p - centaur
Aim: a centaur, wielding a +0 shortbow (moderately wounded, 100% to hit)
The magic dart hits the centaur.
The centaur is moderately wounded.
The centaur shoots an arrow.
The arrow closely misses you.
The centaur shoots an arrow.
The arrow hits you!
Casting: Magic Dart (safe; 1% risk of failure)
Confirm with . or Enter, or press ? or * to list all spells.
Aiming: Magic Dart (safe; 1% risk of failure)
Press: ? - help, Shift-Dir - straight line, f/p - centaur
Aim: a centaur, wielding a +0 shortbow (moderately wounded, 100% to hit)
The magic dart hits the centaur.
The centaur is moderately wounded.
The centaur shoots an arrow.
The arrow hits you!
* * * LOW HITPOINT WARNING * * *
Unknown command.
It was a potion of curing.
You feel better.
Unknown command.
You fade into invisibility!
The centaur shoots an arrow.
The arrow completely misses you.
The centaur shoots an arrow.
The arrow hits you!
* * * LOW HITPOINT WARNING * * *
Unknown command.
You feel better.
The centaur shoots an arrow.
The arrow hits you!
* * * LOW HITPOINT WARNING * * *
Unknown command.
It was a potion of brilliance.
You feel clever all of a sudden.
The centaur shoots an arrow.
The arrow barely misses you.
The centaur shoots an arrow.
The arrow hits you!
You die...

........####.#.# #
#.##.........).#.# # #>
######.######.# # #.
##'## #.### #c ##...##
#.... # #. ##.....##
##### .#.#.#. ##.......##
##.
......c###.........####..
[....†..@'.........'.....
##....####.........####..
#.#. ##.......## ##. #
##.....## ## ##...##
##'## #.# #.# ##.##


You could see a centaur (unable to see you).

Vanquished Creatures
  2 ice beasts (D:5)
  A black bear (D:5)
  2 ogres
  A scorpion (D:6)
  2 jellies
  3 hounds
  3 iguanas (D:5)
  A sleepcap (D:4)
  5 orc wizards
  8 adders
  A shadow imp (D:5)
  3 worms
  A dart slug (D:3)
  8 orcs
  5 bats
  2 endoplasms
  3 giant cockroaches
  4 goblins
  5 hobgoblins
  3 jackals (D:1)
  18 kobolds
  3 quokkas
  5 ball pythons
  8 frilled lizards
  A rat (D:2)
98 creatures vanquished.

Vanquished Creatures (others)
  8 toadstools (D:2)
8 creatures vanquished.

Grand Total: 106 creatures vanquished

Notes
Turn   | Place    | Note
-------+----------+-------------------------------------------
     0 | D:1      | 112233 the Octopode Conjurer began the quest for the Orb.
     0 | D:1      | Reached XP level 1. HP: 11/11 MP: 3/3
   234 | D:1      | Reached XP level 2. HP: 12/17 MP: 0/5
   255 | D:1      | HP: 1/25 [poisoned by a goblin]
   814 | D:1      | Reached XP level 3. HP: 11/21 MP: 0/6
  1328 | D:2      | Reached XP level 4. HP: 22/27 MP: 0/7
  1857 | D:3      | Learned a level 2 spell: Searing Ray
  1859 | D:3      | Learned a level 1 spell: Apportation
  1994 | D:3      | Found a glowing golden altar of the Shining One.
  2458 | D:3      | Found a snail-covered altar of Cheibriados.
  2506 | D:3      | Found a faded altar of an unknown god.
  2556 | D:3      | Found a blossoming altar of Fedhas.
  2628 | D:3      | Reached XP level 5. HP: 28/31 MP: 1/9
  2763 | D:3      | Found a shimmering blue altar of Sif Muna.
  2956 | D:3      | Became a worshipper of Sif Muna the Loreminder
  3185 | D:4      | Identified the +7 sling of Demonkind {antimagic, Str+2}
  3660 | D:5      | Entered Level 5 of the Dungeon
  3698 | D:5      | Reached XP level 6. HP: 25/37 MP: 3/10
  3699 | D:5      | Reached skill level 5 in Conjurations
  3826 | D:5      | Reached skill level 1 in Shields
  3921 | D:5      | Noticed an ice beast
  3928 | D:5      | Killed an ice beast
  3929 | D:5      | Reached skill level 1 in Fighting
  3989 | D:5      | Noticed a black bear
  3996 | D:5      | Killed a black bear
  3997 | D:5      | Reached XP level 7. HP: 39/44 MP: 2/12
  4229 | D:4      | HP: 1/45 [sleepcap (19)]
  4825 | D:4      | Learned a level 4 spell: Iskenderun's Mystic Blast
  6124 | D:5      | Reached XP level 8. HP: 35/51 MP: 5/14
  6262 | D:5      | Found a staircase to the Ecumenical Temple.
  6459 | Temple   | Entered the Ecumenical Temple
  6989 | D:6      | Shot with an arrow by a centaur

Illustrated notes

Levels and vault maps discovered:
D:1:      shiori_arrival_oz, layout_basic, minmay_lizard_pond
D:2:      cheibrodos_fertilizer, layout_rooms
D:3:      layout_basic, nicolae_overflow_ecumenical_swirl,
          mainiacjoe_overflow_24_doors, mainiacjoe_overflow_chevrons,
          cheibriados_altar_1, minmay_fountain_box, st_stairs_6
D:4:      layout_loops_ring, nrook_mini_backslash
D:5:      layout_basic, minmay_temple_entry_junction, st_stairs_4,
          kennysheep_generic_room_10
D:6:      layout_loops_corners, nicolae_dithmenos_through_a_glass_darkly,
          jmf_multi_god_temple2, gammafunk_ghost_stat_death,
          minmay_fractal_squares_gapless_5
Temple:   corrupted_temple

Skill      XL: |  1  2  3  4  5  6  7  8 |
---------------+-------------------------+-----
Stealth        | 3 4 |  4.7
Dodging        | 3 4 |  4.7
Spellcasting   | 3 4 |  4.4
Conjurations   | 5 |  5.9
Shields        | 1 2 3 |  3.0
Fighting       | 1 2 3 |  3.0

Action                     |  1- 3 |  4- 6 |  7- 9 || total
---------------------------+-------+-------+-------++-------
  Melee: Unarmed           |     5 |       |       ||     5
         Tentacles         |     3 |     2 |     1 ||     6
         Dagger            |    18 |    23 |     8 ||    49
         Constrict         |     4 |     2 |       ||     6
   Cast: Magic Dart        |    64 |    85 |    44 ||   193
         Searing Ray       |       |     7 |    21 ||    28
  Evoke: Wand              |       |       |     2 ||     2
    Use: Potion            |     4 |     2 |     6 ||    12
 Armour: Skin              |     2 |    13 |     3 ||    18
  Dodge: Dodged            |    22 |    21 |    22 ||    65

Table legend: (Time is in decaauts)
 A = Elapsed time spent in this place.
 B = Non-inter-level travel time spent in this place.
 C = Inter-level travel time spent in this place.
 D = Time resting spent in this place.
 E = Time spent auto-exploring this place.
 F = Levels seen in this place.
 G = Mean time per level.
                   A        B        C        D        E       F      G
               +--------+--------+--------+--------+--------+-----+--------+
         Total |   6991 |   6626 |    365 |   1844 |   4134 |   7 |  998.7 |
       Dungeon |   6946 |   6595 |    351 |   1844 |   4108 |   6 | 1157.7 |
        Temple |     44 |     31 |     13 |      0 |     26 |   1 |   44.0 |
               +--------+--------+--------+--------+--------+-----+--------+

Top non-repeatable levels by time:
     D:4: 2024 daAuts
     D:5: 1577 daAuts
     D:3: 1196 daAuts
     D:1: 1005 daAuts
     D:2: 807 daAuts
     D:6: 335 daAuts
  Temple: 44 daAuts
